 Dungeon Crawl Stone Soup version 0.25-a0-705-ge9988fc (webtiles) character file.

Game seed: 3769614787774957048, levelgen mode: deterministic

106381 SirPussy the Fiendish (level 15, 0/75 HPs)
             Began as a Felid Monk on Mar 29, 2020.
             Was a Priest of Makhleb.
             Slain by a +2 war axe of draining (4 damage)
             ... on level 1 of the Elven Halls on Apr 3, 2020.
             The game lasted 03:26:40 (63784 turns).

SirPussy the Fiendish (Felid Monk)                 Turns: 63784, Time: 03:26:41

Health: 0/75       AC:  3    Str:  5    XL:     15   Next: 60%
Magic:  0/40       EV: 33    Int: 13    God:    Makhleb [***...]
Gold:   3495       SH:  4    Dex: 24    Spells: 14/14 levels left
                                        Lives:  0   Deaths: 3

rFire    . . .     SeeInvis +     - Unarmed
rCold    + . .     Gourm    .   (shield unavailable)
rNeg     . . .     Faith    .   (armour unavailable)
rPois    .         Spirit   +   (helmet unavailable)
rElec    .         Reflect  .   (cloak unavailable)
rCorr    .         Harm     .   (gloves unavailable)
MR       +++..                  (boots unavailable)
Stlth    ++++......             p - amulet of guardian spirit
HPRegen  0.22/turn              r - ring of protection from magic
MPRegen  0.27/turn              m - ring of magical power

@: heavily drained, quick
A: very small, no armour, no weapons or thrown items, stealth, claws 1, fangs 3,
large bone plates 1, see invisible, carnivore, speed 1, high mp 1, shaggy fur 3,
slow metabolism 1, weak 1, evolution 1, sharp paws
}: 1/15 runes: gossamer
a: Minor Destruction, Lesser Servant of Makhleb, Renounce Religion


You were on level 1 of the Elven Halls.
You worshipped Makhleb.
Makhleb was most pleased with you.
You were not hungry.

You visited 8 branches of the dungeon, and saw 32 of its levels.
You also visited: Bailey and Ice Cave.

You collected 4370 gold pieces.
You spent 875 gold pieces at shops.

Inventory:

Jewellery
 m - a ring of magical power (right paw)
 o - an uncursed ring of resist corrosion
 p - an amulet of guardian spirit (around neck)
 r - a ring of protection from magic (left paw)
 u - an uncursed ring of flight
 v - an uncursed ring of protection from fire
 y - an uncursed ring of ice
 G - the ring of Gipsukh {rF+ AC+1 Str+5 Stlth+}
   (You found it on level 3 of the Lair of Beasts)

   [ring of protection]

   It affects your AC (+1).
   It affects your strength (+5).
   It protects you from fire.
   It makes you more stealthy.
 K - an uncursed ring of protection from cold
Wands
 j - a wand of digging (17)
 l - a wand of flame (25)
 x - a wand of acid (6)
 A - a wand of polymorph (16)
 F - a wand of random effects (21)
 H - a wand of paralysis (6)
Scrolls
 b - 13 scrolls of remove curse
 g - 4 scrolls of immolation
 h - 2 scrolls of identify
 C - 5 scrolls of magic mapping
 N - a scroll of fog
Potions
 e - 5 potions of magic
 f - 3 potions of ambrosia
 i - a potion of cancellation
 k - 2 potions of flight
 n - 4 potions of invisibility
 q - 5 potions of stabbing
 s - 2 potions of mutation
 t - a potion of might
 w - 3 potions of brilliance
 z - a potion of resistance
 B - 4 potions of haste
 I - a potion of heal wounds
 L - a potion of lignification
Comestibles
 a - 42 rations


   Skills:
 + Level 14.0(10.6) Fighting
 + Level 17.5(13.9) Dodging
 - Level 10.0(6.9) Stealth
 + Level 14.4(10.9) Unarmed Combat
 * Level 18.1(14.4) Invocations


You had 14 spell levels left.
You didn't know any spells.
Your spell library contained the following spells:

 Spells                   Type           Power        Failure   Level  Hunger
 Animate Skeleton         Necr           N/A          30%         1    ##.....
 Apportation              Tloc           #.....       30%         1    ##.....
 Beastly Appendage        Tmut           #.....       30%         1    ##.....
 Corona                   Hex            #......      30%         1    ##.....
 Infusion                 Chrm           #...         30%         1    ##.....
 Summon Small Mammal      Summ           #...         30%         1    ##.....
 Call Imp                 Summ           #.......     43%         2    ###....
 Ensorcelled Hibernation  Hex/Ice        #.....       43%         2    ###....
 Shroud of Golubria       Chrm/Tloc      #.....       43%         2    ###....
 Song of Slaying          Chrm           #.......     43%         2    ###....
 Sticks to Snakes         Tmut           #.......     43%         2    ###....
 Call Canine Familiar     Summ           #.......     67%         3    ####...
 Ozocubu's Armour         Chrm/Ice       #.......     67%         3    ####...
 Spider Form              Tmut/Pois      #.........   67%         3    ####...
 Summon Guardian Golem    Hex/Summ       #.......     67%         3    ####...
 Ice Form                 Ice/Tmut       #.......     97%         4    #####..
 Summon Ice Beast         Ice/Summ       #.......     97%         4    #####..
 Summon Lightning Spire   Summ/Air       #.......     97%         4    #####..
 Blade Hands              Tmut           #.........   100%        5    ######.
 Borgnjor's Vile Clutch   Necr/Erth      #.........   100%        5    ######.
 Silence                  Hex/Air        #.........   100%        5    ######.
 Conjure Ball Lightning   Conj/Air       #.........   100%        6    #######
 Darkness                 Hex            #.........   100%        6    #######
 Deflect Missiles         Chrm/Air       #.........   100%        6    #######
 Shadow Creatures         Summ           N/A          100%        6    #######
 Tornado                  Air            #.........   100%        9    #######
 Spectral Weapon          Hex/Chrm       Unusable     N/A         3    N/A

Dungeon Overview and Level Annotations

Branches:
Dungeon (13/15)            Temple (1/1) D:5            Lair (6/6) D:10
 Shoals (4/4) Lair:2       Spider (4/4) Lair:3        Slime (1/5) Lair:6
    Orc (2/2) D:12            Elf (1/3) Orc:2        Bailey (visited)
  IceCv (visited)
 Vaults: D:13-14

Altars:
Cheibriados
Dithmenos
Elyvilon
Fedhas
Gozag
Hepliaklqana
Kikubaaqudgha
Makhleb
Nemelex Xobeh
Okawaru
Ru
Sif Muna
Trog
Uskayaw
Vehumet
Wu Jian
Xom
Yredelemnul
Zin
Beogh

Shops:
D:12 *   Orc:2 *(*%

Annotations:
D:10 Nergalle
D:12 3 runed translucent doors, exclusions: ice dragon, polar bear and rime drake, Qoloddoniu's ghost, novice DsAK
D:13 Jorgrun
Lair:3 3 runed translucent doors, Zegom's ghost, journeyman DDBe
Spider:2 Arachne
Spider:4 3 runed translucent doors, Caerwyn's ghost, adept GnVM; Mara


Innate Abilities, Weirdness & Mutations

You cannot wear armour.
You are incapable of wielding weapons or throwing items.
Your paws allow you to move quietly. (Stealth)
You have sharp claws.
You have razor-sharp teeth.
You have supernaturally acute eyesight. (SInv)
You are carnivorous and can eat meat at any time.
You cover ground quickly.
Your thick and shaggy fur keeps you warm. (AC +3, rC+)
You have a slow metabolism.
Your sharp claws are effective at attacking unaware monsters.
You are partially covered in large bone plates. (SH +4)
You have an increased reservoir of magic. (+10% MP)
You are weak. (Str -2)
You evolve.


Message History

Your bite misses the +2 war axe of draining.
The +2 war axe of draining is almost destroyed.
The +2 war axe of draining hits you.
* * * LOW HITPOINT WARNING * * *
You feel drained.
* * * LOW HITPOINT WARNING * * *
You barely miss the +2 war axe of draining.
The +2 war axe of draining is almost destroyed.
The +2 war axe of draining completely misses you.
You barely miss the +2 war axe of draining.
Your bite misses the +2 war axe of draining.
The +2 war axe of draining is almost destroyed.
The +2 war axe of draining hits you!
* * * LOW HITPOINT WARNING * * *
You feel drained.
* * * LOW HITPOINT WARNING * * *
You closely miss the +2 war axe of draining.
The +2 war axe of draining is almost destroyed.
The +2 war axe of draining hits you.
You die...

#.#...#......#.
#.#...#'######...#
#.#........?.....#...#
#.#..............#...#
#.#...#'######...#...#
#.#...#......#...#...#
#.#...#[.....#...#...#
#.#.>.#......#..(#...#
#.'...#......#..@#...#
#.#...#......#...'...#
#.#...#......'...#...+
#.#...'......#...#...#
#.#.(.#......#...#...# ..#
#.#...#......#...#...#...#
#.#...########...#...#...
. #.#..............#...#..
....
#.#..............#....#
.....


You could see a +2 war axe of draining.

Vanquished Creatures
  An acid blob (Lair:6)
  An azure jelly (Lair:6)
  Aizul (Shoals:1)
  6 emperor scorpions
  3 ghost moths (Spider:4)
  3 entropy weavers
  3 spark wasps
  Azrael (D:12)
  3 merfolk impalers
  4 hydras
  A centaur warrior (Shoals:2)
  2 alligator snapping turtles (Shoals:2)
  A queen ant (Lair:5)
  3 two-headed ogres
  A dancing weapon (Elf:1)
  A merfolk avatar (Shoals:1)
  A merfolk aquamancer (Shoals:3)
  An alligator (Lair:6)
  2 satyrs
  6 orc high priests
  Urug (Lair:1)
  5 sea snakes
  11 harpies
  17 wolf spiders
  An ugly thing (D:11)
  An orc knight (Orc:1)
  7 deep elf magi
  11 manticores
  8 fauns
  An orc sorcerer (Orc:2)
  20 orb spiders
  An oklob plant (Lair:1)
  A shining eye (Slime:1)
  3 moths of wrath
  An elephant (Lair:3)
  Maurice (D:12)
  3 merfolk sirens
  7 cyclopes
  3 black mambas
  6 water nymphs
  A torpor snail (Lair:6)
  A kobold demonologist (D:12)
  5 komodo dragons
  22 spiny frogs
  5 rime drakes
  8 demonic crawlers
  3 trolls
  10 merfolk
  A polar bear (Lair:4)
  4 tyrant leeches (Lair:6)
  12 hornets
  12 blink frogs (Lair:6)
  32 jumping spiders
  6 snapping turtles
  8 dream sheep
  11 slime creatures
  9 hippogriffs
  Sigmund (D:3)
  56 redbacks
  A human (D:12)
  26 tarantellas
  3 fire elementals
  49 yaks
  A wyvern (Lair:2)
  8 water elementals
  2 basilisks (Lair:1)
  A human (shapeshifter) (D:12)
  A hungry ghost (D:8)
  8 vampire mosquitoes
  9 soldier ants (Lair:5)
  2 wargs (Orc:2)
  13 water moccasins
  13 porcupines
  3 black bears
  An eye of draining (Slime:1)
  7 orc warriors
  3 sky beasts
  4 ice beasts
  A necrophage (D:7)
  11 ogres
  9 centaurs
  A phantom (D:9)
  14 wolves
  8 crocodiles
  A big kobold (D:8)
  A wyvern zombie (D:7)
  23 bullfrogs
  2 wyvern skeletons
  9 scorpions
  16 killer bees
  14 wights
  13 electric eels
  A howler monkey (D:5)
  6 crimson imps
  4 centaur zombies
  2 bullfrog zombies
  A quasit (D:7)
  4 centaur skeletons
  10 hounds
  3 jellies
  Crazy Yiuf (D:4)
  3 bullfrog skeletons
  31 orc priests
  17 orc wizards
  5 iguanas
  35 worker ants
  7 hell rats
  A hound zombie (D:5)
  4 hound skeletons
  4 gnolls (D:5)
  2 river rats (Lair:6)
  18 adders
  3 howler monkey skeletons (D:5)
  2 shadow imps
  8 oozes
  An adder skeleton (D:6)
  An adder zombie (D:6)
  5 worms
  A dart slug (D:2)
  5 leopard geckos
  50 orcs
  2 ball pythons (D:2)
  2 bats
  5 giant cockroaches
  6 goblins
  5 hobgoblins
  4 jackals
  11 kobolds
  4 quokkas
  3 frilled lizards
  A jackal zombie (D:6)
  A quokka zombie (D:6)
  13 rats
  3 plants (Shoals:1)
934 creatures vanquished.

Vanquished Creatures (collateral kills)
  Bai Suzhen (Spider:3)
  An azure jelly (Lair:6)
  Ilsuiw (Shoals:3)
  2 merfolk impalers
  A merfolk aquamancer (Shoals:1)
  3 harpies (Shoals:1)
  A wolf spider (Spider:3)
  Joseph (D:7)
  A merfolk siren (Shoals:3)
  2 merfolk (Shoals:1)
  A jumping spider (Spider:3)
  A wind drake (Shoals:1)
  4 redbacks (Spider:3)
  A wolf (IceCv)
  A centaur (Shoals:2)
22 creatures vanquished.

Vanquished Creatures (others)
  A spiny frog (Lair:6)
  A jumping spider (Spider:1)
  2 redbacks
  A giant cockroach (D:4)
  A quokka (D:4)
  A bush (Lair:6)
  24 fungi
  64 plants
95 creatures vanquished.

Grand Total: 1051 creatures vanquished

Notes
Turn   | Place    | Note
-------+----------+-------------------------------------------
     0 | D:1      | SirPussy the Felid Monk began the quest for the Orb.
     0 | D:1      | Reached XP level 1. HP: 10/10 MP: 2/2
   155 | D:1      | Reached XP level 2. HP: 11/14 MP: 3/3
   872 | D:2      | Reached XP level 3. HP: 15/17 MP: 4/4
   872 | D:2      | Reached XP level 4. HP: 18/21 MP: 5/5
  1673 | D:2      | Found a hazy altar of Hepliaklqana,
  2350 | D:2      | Upgraded the game from 0.25-a0-681-gdf4e720 to
                  | 0.25-a0-697-g890751e
  2356 | D:2      | Reached skill level 5 in Dodging
  2356 | D:2      | Reached XP level 5. HP: 21/25 MP: 6/6
  2704 | D:3      | Killed from afar by an orc priest
  2705 | D:3      | Reached XP level 4. HP: 0/22 MP: 5/5
  2810 | D:3      | Reached XP level 5. HP: 19/25 MP: 6/6
  2949 | D:3      | Found a hazy altar of Hepliaklqana,
  3233 | D:3      | Found an ancient bone altar of Kikubaaqudgha,
  3376 | D:3      | Noticed Sigmund
  3799 | D:4      | Reached skill level 5 in Unarmed Combat
  4700 | D:3      | Gained mutation: You are covered in thick fur. (AC +2)
                  | [Felid growth]
  4700 | D:3      | Reached XP level 6. HP: 17/28 MP: 7/7
  4903 | D:4      | Found a white marble altar of Elyvilon,
  4977 | D:4      | Found a runed translucent door,
  4978 | D:4      | Noticed Crazy Yiuf
  5176 | D:5      | Entered Level 5 of the Dungeon
  5177 | D:5      | Reached skill level 5 in Stealth
  5578 | D:5      | Found a staircase to the Ecumenical Temple,
  5589 | Temple   | Entered the Ecumenical Temple
  5657 | Temple   | Became a worshipper of Makhleb the Destroyer
  5657 | Temple   | Reached * piety under Makhleb
  5657 | Temple   | Reached ** piety under Makhleb
  5704 | D:5      | Found a bloodstained altar of Trog,
  5744 | D:5      | Found an iron altar of Okawaru,
  5754 | D:5      | Reached XP level 7. HP: 33/33 MP: 8/8
  5854 | D:5      | Reached skill level 1 in Invocations
  5865 | D:5      | HP: 1/33 [scorpion (5)]
  6130 | D:5      | Reached skill level 2 in Invocations
  6369 | D:5      | Reached skill level 5 in Fighting
  6471 | D:6      | Reached skill level 3 in Invocations
  6471 | D:6      | Reached XP level 8. HP: 29/37 MP: 11/11
  6897 | D:6      | Reached skill level 4 in Invocations
  7724 | D:3      | Killed Sigmund
  7924 | D:4      | Killed Crazy Yiuf
  8061 | D:7      | Reached skill level 5 in Invocations
  8267 | D:7      | You fall into a shaft and drop 3 floors!
  8267 | D:10     | Entered Level 10 of the Dungeon
  8303 | D:9      | Reached XP level 9. HP: 41/41 MP: 13/13
  9004 | D:8      | Reached *** piety under Makhleb
  9119 | D:8      | Reached skill level 6 in Invocations
  9918 | D:7      | Found a sacrificial altar of Ru,
 10075 | D:7      | Noticed Joseph
 10094 | D:7      | Killed Joseph
 10707 | D:7      | Reached skill level 7 in Invocations
 10789 | D:7      | Noticed a cyclops
 10793 | D:7      | Reached XP level 10. HP: 46/46 MP: 16/16
 11481 | D:8      | Reached **** piety under Makhleb
 12744 | D:9      | Found a glowing silver altar of Zin,
 12820 | D:10     | Noticed Nergalle
 13021 | D:9      | Reached skill level 8 in Invocations
 13191 | D:10     | Noticed a two-headed ogre
 13192 | D:10     | Noticed a two-headed ogre
 13286 | D:9      | Killed a two-headed ogre
 13562 | D:10     | Found a staircase to the Lair,
 13612 | D:10     | Reached skill level 10 in Stealth
 13728 | D:10     | Killed a two-headed ogre
 13728 | D:10     | Reached skill level 10 in Dodging
 14252 | D:10     | Reached skill level 9 in Invocations
 14264 | D:10     | Reached XP level 11. HP: 26/50 MP: 9/18
 14705 | D:11     | Found a flagged portal,
 14714 | Bailey   | Entered a bailey
 14714 | Bailey   | Noticed an orc knight
 14715 | Bailey   | Noticed an orc knight
 14720 | Bailey   | Noticed an orc knight
 14844 | D:11     | Found a shimmering blue altar of Sif Muna,
 15021 | D:11     | Noticed a white ugly thing
 15325 | D:11     | Noticed an unseen horror
 16039 | D:11     | Killed a white ugly thing
 16651 | D:10     | Reached skill level 10 in Invocations
 17095 | D:12     | Found a frozen archway,
 17107 | IceCv    | Entered an ice cave
 17147 | D:12     | Reached ***** piety under Makhleb
 17530 | D:12     | Found a runed translucent gate,
 17530 | D:12     | Found a runed translucent gate,
 17531 | D:12     | Found a runed translucent gate,
 17539 | D:12     | Noticed a shadow wraith
 17539 | D:12     | Noticed Qoloddoniu's ghost (novice DsAK)
 17560 | D:12     | Noticed a two-headed ogre
 17571 | D:12     | Killed a two-headed ogre
 17619 | D:12     | Found a staircase to the Orcish Mines,
 17668 | D:12     | Noticed a sun demon
 17882 | D:12     | Found Xoenuec's General Store,
 17892 | D:12     | Bought a scroll of magic mapping for 49 gold pieces
 18184 | D:12     | Noticed an ice dragon
 18185 | D:12     | Found the +8 frozen axe "Frostbite" {freezing cloud, *Noise
                  | +Fly rC+}
 18602 | D:13     | Noticed Jorgrun
 18849 | D:13     | Noticed Maurice
 18943 | D:12     | Killed Maurice
 19145 | D:13     | Noticed Azrael
 19170 | D:12     | Gained mutation: Your thick and shaggy fur keeps you warm.
                  | (AC +3, rC+) [Felid growth]
 19170 | D:12     | Reached XP level 12. HP: 43/57 MP: 18/21
 19292 | D:12     | Killed Azrael
 19292 | D:12     | Reached skill level 11 in Invocations
 19597 | Lair:1   | Entered Level 1 of the Lair of Beasts
 20010 | Lair:1   | Found a glowing silver altar of Zin,
 20261 | Lair:1   | Noticed Urug
 20271 | Lair:1   | Killed Urug
 20354 | Lair:1   | Reached skill level 10 in Unarmed Combat
 20643 | Lair:1   | HP: 2/57 [yak (14)]
 21518 | Lair:2   | Found a staircase to the Shoals,
 21670 | Lair:2   | Identified a scroll of acquirement
 22023 | Lair:2   | Reached skill level 12 in Invocations
 22265 | Lair:3   | Got an ancient platinum ring
 22267 | Lair:3   | Identified the ring of Gipsukh {rF+ AC+1 Str+5 Stlth+} (You
                  | found it on level 3 of the Lair of Beasts)
 22370 | Lair:3   | Noticed a minotaur
 22391 | Lair:3   | Found a runed translucent gate,
 22391 | Lair:3   | Found a runed translucent gate,
 22391 | Lair:3   | Found a runed translucent gate,
 22425 | Lair:3   | Found a hole to the Spider Nest,
 22728 | Lair:3   | Found an ancient bone altar of Kikubaaqudgha,
 22800 | Lair:3   | Reached skill level 10 in Fighting
 23101 | Lair:3   | Noticed Zegom's ghost (journeyman DDBe)
 23323 | Lair:4   | Noticed a seven-headed hydra
 23327 | Lair:4   | Killed a seven-headed hydra
 23644 | Lair:4   | Reached XP level 13. HP: 61/61 MP: 23/23
 24736 | Lair:5   | Noticed an entropy weaver
 24736 | Lair:5   | Noticed an entropy weaver
 26005 | Lair:4   | Killed an entropy weaver
 26005 | Lair:4   | Reached skill level 13 in Invocations
 26693 | Lair:5   | Reached ****** piety under Makhleb
 26935 | Lair:5   | Killed an entropy weaver
 27148 | Lair:6   | Entered Level 6 of the Lair of Beasts
 28285 | Lair:5   | Identified the ring "Ledinese" {rN+ SInv} (You acquired it
                  | on level 5 of the Lair of Beasts)
 29415 | Lair:6   | Reached skill level 14 in Invocations
 29440 | Lair:6   | Reached XP level 14. HP: 66/67 MP: 25/25
 30728 | Lair:6   | Found a staircase to the Slime Pits,
 31598 | Orc:1    | Entered Level 1 of the Orcish Mines
 31744 | Orc:2    | Entered Level 2 of the Orcish Mines
 31752 | Orc:2    | Found a staircase to the Elven Halls,
 32385 | Orc:2    | Found a roughly hewn altar of Beogh,
 32392 | Orc:2    | Found Ziffuq's Assorted Antiques,
 32428 | Orc:2    | Bought a scroll labeled BOAGEI ENGYUKK for 26 gold pieces
 32884 | Orc:2    | Found Lypoutah's Food Shop,
 33956 | Orc:2    | Found Kithuu's Assorted Antiques,
 33956 | Orc:2    | Found Giuxom's Antique Weapon Shop,
 33961 | Orc:2    | Bought a wand of digging (2) for 256 gold pieces
 33961 | Orc:2    | Bought a potion of mutation for 256 gold pieces
 33961 | Orc:2    | Bought a scroll of magic mapping for 112 gold pieces
 33961 | Orc:2    | Bought a scroll of magic mapping for 112 gold pieces
 33961 | Orc:2    | Bought a scroll of fog for 64 gold pieces
 34054 | Elf:1    | Entered Level 1 of the Elven Halls
 34504 | Shoals:1 | Entered Level 1 of the Shoals
 35167 | Shoals:1 | Reached skill level 15 in Invocations
 35873 | Shoals:1 | Reached skill level 15 in Dodging
 36859 | Shoals:2 | Noticed Aizul
 37410 | Shoals:2 | Reached XP level 15. HP: 72/72 MP: 27/27
 38529 | Shoals:1 | Killed Aizul
 40823 | Shoals:3 | Noticed Ilsuiw
 42937 | Shoals:3 | Reached skill level 16 in Invocations
 43009 | Shoals:3 | Killed Ilsuiw
 43526 | Shoals:4 | Entered Level 4 of the Shoals
 45167 | Shoals:4 | Slain by a snapping turtle
 45168 | Shoals:4 | Reached XP level 14. HP: -3/69 MP: 0/27
 45194 | Shoals:3 | HP: 3/69 [drowned by a water nymph (9)]
 45439 | Shoals:3 | Upgraded the game from 0.25-a0-697-g890751e to
                  | 0.25-a0-701-gb30f108
 45568 | Spider:1 | Entered Level 1 of the Spider Nest
 45944 | Lair:3   | Gained mutation: You are partially covered in large bone
                  | plates. (SH +4) [potion of mutation]
 45944 | Lair:3   | Gained mutation: You evolve. [potion of mutation]
 46516 | Spider:1 | Noticed an emperor scorpion
 47460 | Spider:1 | Killed an emperor scorpion
 47766 | Lair:3   | Reached XP level 15. HP: 48/73 MP: 20/28
 49118 | Spider:2 | Noticed Arachne
 49285 | Spider:2 | Gained mutation: You have an increased reservoir of magic.
                  | (+10% MP) [evolution]
 50338 | Spider:2 | Upgraded the game from 0.25-a0-701-gb30f108 to
                  | 0.25-a0-705-ge9988fc
 50643 | Spider:1 | Reached skill level 17 in Invocations
 51157 | Spider:3 | Noticed Bai Suzhen
 51176 | Spider:3 | Killed Bai Suzhen
 51775 | Spider:4 | Entered Level 4 of the Spider Nest
 52929 | Spider:3 | Paralysed by a hornet for 1 turns
 54558 | Spider:4 | Paralysed by a hornet for 1 turns
 54663 | Spider:4 | Found a runed translucent gate.
 54663 | Spider:4 | Found a runed translucent gate.
 54663 | Spider:4 | Found a runed translucent gate.
 54663 | Spider:4 | Noticed Caerwyn's ghost (adept GnVM)
 55111 | Spider:4 | HP: 2/74 [spark wasp/living lightning (13)]
 55112 | Spider:4 | Mangled by a spark wasp
 55113 | Spider:4 | Reached XP level 14. HP: -7/70 MP: 0/39
 55610 | Spider:4 | Found a runed translucent gate.
 55610 | Spider:4 | Found a runed translucent gate.
 55610 | Spider:4 | Found a runed translucent gate.
 55827 | Spider:4 | Reached XP level 15. HP: 70/75 MP: 31/31
 55878 | Spider:4 | Noticed Mara
 56692 | Spider:4 | Noticed a ghost moth
 56934 | Spider:4 | Killed a ghost moth
 57469 | Spider:4 | Noticed a ghost moth
 57482 | Spider:4 | Killed a ghost moth
 57540 | Spider:4 | Gained mutation: You are weak. (Str -2) [evolution]
 57973 | Spider:4 | Paralysed by a hornet for 1 turns
 58115 | Spider:4 | Noticed a ghost moth
 58131 | Spider:4 | HP: 2/75 [ghost moth (12)]
 58688 | Spider:4 | Noticed SirPussy's illusion
 58982 | Spider:4 | Killed a ghost moth
 59250 | Spider:4 | Noticed SirPussy's illusion
 60237 | Spider:4 | Got a gossamer rune of Zot
 60741 | Slime:1  | Entered Level 1 of the Pits of Slime
 60915 | Slime:1  | Noticed an azure jelly
 61781 | Lair:6   | Killed an azure jelly
 61781 | Lair:6   | Reached skill level 18 in Invocations
 61843 | Slime:1  | Noticed an azure jelly
 61926 | Lair:6   | Killed an azure jelly
 62186 | Slime:1  | Noticed an acid blob
 62261 | Lair:6   | Killed an acid blob
 63784 | Elf:1    | Slain by a +2 war axe of draining

Levels and vault maps discovered:
D:1:      dpeg_chamrin_arrival_tetris, layout_basic
D:2:      layout_basic, lemuel_crystal_altar
D:3:      layout_rooms, kiku_gazebo_pond_becter, hangedman_decor_points,
          lemuel_altar_in_water, uniq_sigmund
D:4:      layout_cave_pools, elyvilon_altar_4, uniq_crazy_yiuf_cottage
D:5:      minmay_bubble_buster, layout_loops_ring, bloody_trog,
          minmay_temple_entry_overgrown, first_ration, minivault_25,
          okawaru_ov_weapons_minmay
D:6:      minmay_diamond_boxcup, layout_loops_ring
D:7:      minmay_the_grid_octo_2x2 [minmay_the_grid_octo_clover_2,
          minmay_the_grid_octo_teeth, minmay_the_grid_octo_chip,
          minmay_the_grid_octo_prize_ultimate_mussel_roller], layout_loops_ring,
          corexii_hall_statues_x, nicolae_ru_great_annihilating_truth,
          uniq_joseph
D:8:      layout_basic
D:9:      layout_loops_ring, zin_treasury
D:10:     layout_basic, erik_lair_island, uniq_nergalle
D:11:     layout_irregular_city, basic_altar, enter_bailey_6
D:12:     minmay_coctagon, layout_irregular_city, portal_ice_cave_rime,
          serial_glass, glass_columns_b, glass_columns_b,
          gammafunk_ghost_spectres, serial_shops, shop
D:13:     kennysheep_windowed_halls, layout_rooms, gauntlet_entry_generic,
          grunt_livestock, uniq_maurice, uniq_azrael, uniq_jorgrun
Temple:   eino_narrow_crystal_temple
Lair:1:   layout_chaotic_city, basic_altar, wad_woods_road_04,
          grunt_megastairs_5, lemuel_fruit_tree, minmay_lair_oklob_chamber,
          infiniplex_staircase_pool_2, uniq_urug
Lair:2:   layout_long_grid, minmay_shoals_entry_centaurs
Lair:3:   layout_cave_pods, spider_nest_entry_rubble, basic_altar,
          maelrawn_ghost_gauntlet_escape, serial_bayou_ford_a,
          serial_bayou_pond_b, grunt_megastairs_3
Lair:4:   layout_regular_city, serial_bayou_lagoon_b, lemuel_fruit_fields
Lair:5:   layout_layer_cave, minmay_another_anthill, serial_bayou_shore_a
Lair:6:   minmay_lair_end_frog_pond, layout_cave_pods,
          nicolae_slime_entry_slimehenge, kennysheep_abandoned_house
Shoals:1: layout_shoals
Shoals:2: layout_shoals, hangedman_shoals_cup_caves, uniq_aizul
Shoals:3: layout_shoals, uniq_ilsuiw
Shoals:4: shoals_end_grunt_garden, layout_shoals, serial_shops, shop,
          nicolae_shoals_circle_sea_wall, nicolae_shoals_this_corrosion
Spider:1: layout_spider_delve
Spider:2: layout_spider_delve, uniq_arachne
Spider:3: layout_spider_delve, uniq_bai_suzhen
Spider:4: spider_rune_water, ebering_ghost_rock_garden, uniq_mara
Slime:1:  layout_caves
Orc:1:    layout_diamond_mine, serial_shops, shop, shop,
          nicolae_shop_statue_plus, nicolae_shop_window_shopping,
          nicolae_shop_behind_doors, gammafunk_ghost_cemetery
Orc:2:    st_orc_town, layout_caves, mines2_lemuel
Elf:1:    eino_elf_arrival_shootout, layout_onion_city, serial_shops,
          nicolae_shop_behind_doors, minmay_elf_demonology

Skill      XL: |  1  2  3  4  5  6  7  8  9 10 11 12 13 14 15 |
---------------+----------------------------------------------+-----
Stealth        | 3 4 5 6 7 9 10 | 10.0
Unarmed Combat | 4 5 6 7 8 9 10 11 14 13 | 14.4
Dodging        | 5 6 7 9 10 11 12 14 16 17 | 17.5
Fighting       | 4 5 6 7 9 10 11 13 14 | 14.0
Invocations    | 3 5 7 9 10 12 14 15 18 | 18.1

Action                   |  1- 3 |  4- 6 |  7- 9 | 10-12 | 13-15 || total
-------------------------+-------+-------+-------+-------+-------++-------
Melee: Unarmed           |    45 |   263 |   309 |  1018 |  2486 ||  4121
       Bite              |     2 |    38 |    41 |   116 |   386 ||   583
       Punch             |     1 |     5 |    10 |    44 |   196 ||   256
Invok: Minor Destruction |       |       |    60 |   215 |   706 ||   981
       Lesser Servant of |       |       |     1 |     3 |    19 ||    23
       Major Destruction |       |       |       |    19 |   151 ||   170
       Greater Servant o |       |       |       |       |     8 ||     8
 Abil: Evoke Flight      |       |       |       |       |     2 ||     2
Evoke: Wand              |       |       |       |     8 |    27 ||    35
  Use: Potion            |       |     4 |     1 |     2 |    20 ||    27
       Scroll            |       |     3 |     7 |    14 |    29 ||    53
 Stab: Distracted        |     2 |     2 |     1 |     6 |    17 ||    28
       Sleeping          |       |    13 |    25 |    32 |    33 ||   103
       Invisible         |       |     3 |     1 |       |       ||     4
       Paralysed         |       |       |     1 |       |       ||     1
       Held in net/web   |       |       |       |       |    12 ||    12
  Eat: Chunk             |     7 |    14 |    13 |    27 |    74 ||   135
       Ration            |       |       |       |       |     4 ||     4
Armor: Skin              |       |     6 |     6 |    22 |    80 ||   114
Dodge: Dodged            |    35 |   187 |   254 |  1061 |  3024 ||  4561
Block: Other             |       |       |       |       |   151 ||   151

Table legend:
 A = Non-vault XP
 B = Vault XP
 C = Vault XP percentage of total XP
 D = Non-vault monster count
 E = Vault monster count
 F = Vault count percentage of total count
                 A         B        C        D         E       F
            +---------+---------+-------+---------+---------+-------
      Total |  145774 |   82183 |  36.1 |     660 |     294 |  30.8
            +---------+---------+-------+---------+---------+-------
        D:1 |      35 |       0 |   0.0 |      13 |       0 |   0.0
        D:2 |     212 |       0 |   0.0 |      27 |       0 |   0.0
        D:3 |     165 |     220 |  57.1 |      18 |       1 |   5.3
        D:4 |     156 |      41 |  20.8 |       6 |       1 |  14.3
        D:5 |     513 |     373 |  42.1 |      13 |       8 |  38.1
        D:6 |     836 |      45 |   5.1 |      14 |       5 |  26.3
        D:7 |     920 |    1087 |  54.2 |      15 |      21 |  58.3
        D:8 |    1872 |       0 |   0.0 |      22 |       0 |   0.0
        D:9 |    1630 |     307 |  15.8 |      14 |       1 |   6.7
       D:10 |    3368 |     517 |  13.3 |      45 |       7 |  13.5
       D:11 |    3837 |       0 |   0.0 |      25 |       0 |   0.0
       D:12 |    2927 |    3930 |  57.3 |      28 |      12 |  30.0
       D:13 |     292 |     202 |  40.9 |       5 |       1 |  16.7
     Lair:1 |    4132 |    1554 |  27.3 |      23 |       3 |  11.5
     Lair:2 |    1947 |     336 |  14.7 |      13 |       3 |  18.8
     Lair:3 |    8290 |    1588 |  16.1 |      21 |       6 |  22.2
     Lair:4 |    3832 |    1361 |  26.2 |      17 |       1 |   5.6
     Lair:5 |    6928 |    5486 |  44.2 |      30 |      37 |  55.2
     Lair:6 |   14978 |   12345 |  45.2 |      40 |      63 |  61.2
   Shoals:1 |   12592 |    2251 |  15.2 |      29 |       2 |   6.5
   Shoals:2 |    9129 |    7044 |  43.6 |      20 |      13 |  39.4
   Shoals:3 |   10119 |    6947 |  40.7 |      23 |      11 |  32.4
   Shoals:4 |     539 |     887 |  62.2 |       1 |       1 |  50.0
   Spider:1 |   15837 |       0 |   0.0 |      48 |       0 |   0.0
   Spider:2 |   10260 |       0 |   0.0 |      34 |       0 |   0.0
   Spider:3 |   12707 |    6735 |  34.6 |      36 |       4 |  10.0
   Spider:4 |    9837 |   18657 |  65.5 |      29 |      37 |  56.1
    Slime:1 |    2689 |       0 |   0.0 |      10 |       0 |   0.0
      Orc:1 |    1556 |    3400 |  68.6 |       9 |       7 |  43.8
      Orc:2 |    1905 |    5129 |  72.9 |      29 |      43 |  59.7
      Elf:1 |    1734 |    1149 |  39.9 |       3 |       2 |  40.0
      IceCv |       0 |     592 | 100.0 |       0 |       4 | 100.0
            +---------+---------+-------+---------+---------+-------
